ESL (28 & UNDER)
BUTLER WHITE SOX @ KINGSTON IGUANAS
04/28/2028
 
TOP OF THE 1ST
Butler White Sox batting - Pitching for Kingston Iguanas : LHP Nick Clayton
Pitching: LHP Nick Clayton
Batting: RHB Jerry Moore 0-0: Swinging Strike
0-1: Foul Ball, location: 2F
0-2: Foul Ball, location: 2F
0-2: Ball
1-2: Ball
2-2: Ball
3-2: Foul Ball, location: 2F
3-2: Ground out 6-3 (Groundball, 6)
Batting: RHB Luis Fuentes 0-0: Ground out U3 (Groundball, 34S)
Batting: RHB Luis Ramos 0-0: Called Strike
0-1: Foul Ball, location: 2F
0-2: Ball
1-2: Foul Ball, location: 2F
1-2: Strikes out looking
Top of the 1st over - 0 run(s), 0 hit(s), 0 error(s), 0 left on base; Butler 0 - Kingston 0
BOTTOM OF THE 1ST
Kingston Iguanas batting - Pitching for Butler White Sox : RHP Wilson Yoxall
Pitching: RHP Wilson Yoxall
Batting: RHB Bob Lee 0-0: Called Strike
0-1: Ball
1-1: Ball
2-1: Called Strike
2-2: Foul Ball, location: 2F
2-2: Ball
3-2: SINGLE (Line Drive, 7S)
Batting: RHB Francisco Martínez 0-0: Fielders Choice at 2nd, 4-6 (Groundball, 34)
Batting: LHB Dusty Wilson 0-0: Ball
1-0: Ball
2-0: Ball
3-0: Called Strike
3-1: Base on Balls
Francisco Martínez to second
Batting: LHB Billy Anderson 0-0: Ball
1-0: Ball
2-0: Called Strike
2-1: Foul Ball, location: 2F
2-2: Ball
3-2: Base on Balls
Francisco Martínez to third
Dusty Wilson to second
Batting: LHB Mike Godfrey 0-0: Fly out, F8 (Flyball, 8RM)
Batting: SHB Devin Smith 0-0: Ball
1-0: Ball
2-0: Ball
3-0: Called Strike
3-1: Swinging Strike
3-2: Strikes out swinging
Bottom of the 1st over - 0 run(s), 1 hit(s), 0 error(s), 3 left on base; Butler 0 - Kingston 0
TOP OF THE 2ND
Butler White Sox batting - Pitching for Kingston Iguanas : LHP Nick Clayton
Batting: LHB Denny Allen 0-0: SINGLE (Line Drive, 56D)
Batting: LHB Thomas Dixon 0-0: Ball
1-0: Called Strike
1-1: Swinging Strike
1-2: Fly out, F6 (Popup, 6D)
Batting: SHB Ben Marks 0-0: Ball
1-0: Ball
2-0: Fly out, F9 (Flyball, 9S)
Batting: LHB Josh Pérez 0-0: Called Strike
0-1: Foul Ball, location: 2F
0-2: Ball
1-2: Ball
2-2: Ball
3-2: Foul Ball, location: 2F
3-2: Strikes out swinging
Top of the 2nd over - 0 run(s), 1 hit(s), 0 error(s), 1 left on base; Butler 0 - Kingston 0
BOTTOM OF THE 2ND
Kingston Iguanas batting - Pitching for Butler White Sox : RHP Wilson Yoxall
Batting: RHB Chris McBride 0-0: Ground out 5-3 (Groundball, 5)
Batting: RHB Sergio Mata 0-0: Foul Ball, location: 2F
0-1: Ball
1-1: Fly out, F3 (Popup, 34)
Batting: RHB Ken MacDonald 0-0: Called Strike
0-1: Ground out 6-3 (Groundball, 56)
Bottom of the 2nd over - 0 run(s), 0 hit(s), 0 error(s), 0 left on base; Butler 0 - Kingston 0
TOP OF THE 3RD
Butler White Sox batting - Pitching for Kingston Iguanas : LHP Nick Clayton
Batting: RHB Steve Clifton 0-0: Called Strike
0-1: SINGLE (Groundball, 56D)
Batting: LHB Jim Knight 0-0: Called Strike
0-1: Ball
1-1: Ball
2-1: Swinging Strike
2-2: Hit by Pitch
Steve Clifton to second
Batting: RHB Jerry Moore 0-0: Ball
1-0: Foul Ball, location: 2F
1-1: Swinging Strike
1-2: Ball
2-2: Strikes out swinging
Batting: RHB Luis Fuentes 0-0: Ball
1-0: Ball
2-0: Swinging Strike
2-1: Called Strike
2-2: Ball
3-2: Base on Balls
Steve Clifton to third
Jim Knight to second
Batting: RHB Luis Ramos 0-0: Called Strike
0-1: Foul Ball, location: 2F
0-2: Ball
1-2: Foul Ball, location: 2F
1-2: Strikes out swinging
Batting: LHB Denny Allen 0-0: SINGLE (Line Drive, 89S)
Steve Clifton scores
Jim Knight to third
Luis Fuentes to second
Batting: LHB Thomas Dixon 0-0: Ball
1-0: Ball
2-0: SINGLE (Popup, 5D)
Jim Knight scores
Luis Fuentes to third
Denny Allen to second
Runner from 3rd tries for Home, SAFE, no throw
Batting: SHB Ben Marks 0-0: Ball
1-0: DOUBLE (Flyball, 9LM)
Denny Allen scores
Thomas Dixon to third
Batting: LHB Josh Pérez 0-0: Ball
1-0: Called Strike
1-1: Foul Ball, location: 2F
1-2: Ball
2-2: Foul Ball, location: 2F
2-2: Ground out 3-1 (Groundball, 34)
Top of the 3rd over - 4 run(s), 4 hit(s), 0 error(s), 2 left on base; Butler 4 - Kingston 0
BOTTOM OF THE 3RD
Kingston Iguanas batting - Pitching for Butler White Sox : RHP Wilson Yoxall
Batting: RHB Bob Lee 0-0: Ball
1-0: Swinging Strike
1-1: Ball
2-1: Ground out 6-3 (Groundball, 6)
Batting: RHB Francisco Martínez 0-0: Ball
1-0: Ball
2-0: Ball
3-0: Base on Balls
Batting: LHB Dusty Wilson 0-0: Foul Ball, location: 2F
0-1: Ball
1-1: Ball
2-1: Swinging Strike
2-2: Foul Ball, location: 2F
2-2: Fly out, F7 (Flyball, 7LM)
Batting: LHB Billy Anderson 0-0: Ball
1-0: Called Strike
1-1: Fly out, F7 (Line Drive, 78S)
Bottom of the 3rd over - 0 run(s), 0 hit(s), 0 error(s), 1 left on base; Butler 4 - Kingston 0
TOP OF THE 4TH
Butler White Sox batting - Pitching for Kingston Iguanas : LHP Nick Clayton
Batting: RHB Steve Clifton 0-0: Ball
1-0: Ball
2-0: Ball
3-0: Base on Balls
Batting: LHB Jim Knight 0-0: Foul Ball, location: 2F
0-1: Ball
1-1: Ball
2-1: Ball
3-1: Called Strike
3-2: Strikes out swinging
Batting: RHB Jerry Moore 0-0: Ball
1-0: Foul Ball, location: 2F
1-1: Swinging Strike
1-2: Strikes out swinging
Batting: RHB Luis Fuentes 0-0: Ball
1-0: Ball
2-0: Ball
3-0: Called Strike
3-1: Called Strike
3-2: Foul Ball, location: 2F
3-2: Foul Ball, location: 2F
3-2: Fly out, F7 (Line Drive, 7)
Top of the 4th over - 0 run(s), 0 hit(s), 0 error(s), 1 left on base; Butler 4 - Kingston 0
BOTTOM OF THE 4TH
Kingston Iguanas batting - Pitching for Butler White Sox : RHP Wilson Yoxall
Batting: LHB Mike Godfrey 0-0: Ball
1-0: Foul Ball, location: 2F
1-1: SOLO HOME RUN (Flyball, 8LXD), Distance : 427 ft
Batting: SHB Devin Smith 0-0: Swinging Strike
0-1: Foul Ball, location: 2F
0-2: Ball
1-2: Ball
2-2: Ball
3-2: Strikes out looking
Batting: RHB Chris McBride 0-0: Ball
1-0: Ground out 6-3 (Groundball, 6)
Batting: RHB Sergio Mata 0-0: Foul Ball, location: 2F
0-1: Fly out, F8 (Flyball, 8LM)
Bottom of the 4th over - 1 run(s), 1 hit(s), 0 error(s), 0 left on base; Butler 4 - Kingston 1
TOP OF THE 5TH
Butler White Sox batting - Pitching for Kingston Iguanas : LHP Nick Clayton
Batting: RHB Luis Ramos 0-0: Called Strike
0-1: Ball
1-1: SOLO HOME RUN (Flyball, 89XD), Distance : 389 ft
Pitching: RHP Bo Adams
Batting: LHB Denny Allen 0-0: Ball
1-0: Ball
2-0: Swinging Strike
2-1: Foul Ball, location: 2F
2-2: Strikes out swinging
Batting: LHB Thomas Dixon 0-0: Foul Ball, location: 2F
0-1: Foul Ball, location: 2F
0-2: Strikes out swinging
Batting: SHB Ben Marks 0-0: Foul Ball, location: 2F
0-1: TRIPLE (Flyball, 8LM)
Batting: LHB Josh Pérez 0-0: Called Strike
0-1: Foul Ball, location: 2F
0-2: Strikes out swinging
Top of the 5th over - 1 run(s), 2 hit(s), 0 error(s), 1 left on base; Butler 5 - Kingston 1
BOTTOM OF THE 5TH
Kingston Iguanas batting - Pitching for Butler White Sox : RHP Wilson Yoxall
Batting: RHB Ken MacDonald 0-0: Ball
1-0: Called Strike
1-1: Ball
2-1: Called Strike
2-2: Foul Ball, location: 2F
2-2: Ball
3-2: Base on Balls
Batting: RHB Bob Lee 0-0: Called Strike
0-1: Ball
1-1: Foul Ball, location: 2F
1-2: Foul Ball, location: 2F
1-2: Ball
2-2: Reached on error, E1 (Groundball, 13)
Ken MacDonald to second
Batting: RHB Francisco Martínez 0-0: Swinging Strike
0-1: Swinging Strike
0-2: Ball
1-2: Grounds into double play, 4-6-3 (Groundball, 4)
Ken MacDonald to third
Batting: LHB Dusty Wilson 0-0: Ball
1-0: Called Strike
1-1: Ball
2-1: Ball
3-1: Base on Balls
Batting: LHB Billy Anderson 0-0: Ball
1-0: Swinging Strike
1-1: Ball
2-1: Ball
3-1: Fly out, F8 (Flyball, 78M)
Bottom of the 5th over - 0 run(s), 0 hit(s), 1 error(s), 2 left on base; Butler 5 - Kingston 1
TOP OF THE 6TH
Butler White Sox batting - Pitching for Kingston Iguanas : RHP Bo Adams
Batting: RHB Steve Clifton 0-0: Ball
Error on foul ball, E3
1-1: Ground out 4-3 (Groundball, 4M)
Batting: LHB Jim Knight 0-0: Called Strike
0-1: Called Strike
0-2: Strikes out looking
Batting: RHB Jerry Moore 0-0: Ball
1-0: Called Strike
1-1: Called Strike
1-2: Strikes out looking
Top of the 6th over - 0 run(s), 0 hit(s), 1 error(s), 0 left on base; Butler 5 - Kingston 1
BOTTOM OF THE 6TH
Kingston Iguanas batting - Pitching for Butler White Sox : RHP Wilson Yoxall
Batting: LHB Mike Godfrey 0-0: Ball
1-0: Ground out U3 (Groundball, 3L)
Batting: SHB Devin Smith 0-0: Called Strike
0-1: Foul Ball, location: 2F
0-2: Ball
1-2: Strikes out swinging
Batting: RHB Chris McBride 0-0: Ball
1-0: Ball
2-0: Swinging Strike
2-1: Swinging Strike
2-2: Strikes out looking
Bottom of the 6th over - 0 run(s), 0 hit(s), 0 error(s), 0 left on base; Butler 5 - Kingston 1
TOP OF THE 7TH
Butler White Sox batting - Pitching for Kingston Iguanas : RHP Bo Adams
Batting: RHB Luis Fuentes 0-0: Called Strike
0-1: Swinging Strike
0-2: Hit by Pitch
Batting: RHB Luis Ramos 0-0: Ball
Pickoff Throw to First - Error! E1
Luis Fuentes to second
1-0: Ball
2-0: DOUBLE (Flyball, 8RXD)
Luis Fuentes scores
Batting: LHB Denny Allen 0-0: Ball
1-0: Fly out, F7 (Flyball, 7)
Batting: LHB Thomas Dixon 0-0: Swinging Strike
0-1: Ball
1-1: Ball
2-1: Called Strike
2-2: Foul Ball, location: 2F
2-2: Strikes out looking
Batting: SHB Ben Marks 0-0: Foul Ball, location: 2F
0-1: Ball
1-1: Ball
2-1: Foul Ball, location: 2F
2-2: Foul Ball, location: 2F
2-2: Foul Ball, location: 2F
2-2: SINGLE (Line Drive, 6MD)
Luis Ramos to third
Runner from 3rd tries for Home, SAFE, no throw
Batting: LHB Josh Pérez Pickoff Throw to First - Error! E1
Ben Marks to second
0-0: Foul Ball, location: 2F
0-1: Ground out 4-3 (Groundball, 4)
Top of the 7th over - 2 run(s), 2 hit(s), 2 error(s), 1 left on base; Butler 7 - Kingston 1
BOTTOM OF THE 7TH
Kingston Iguanas batting - Pitching for Butler White Sox : RHP Wilson Yoxall
Pitching: RHP Steve Newman
Batting: RHB Sergio Mata 0-0: Ball
1-0: Called Strike
1-1: Fly out, F8 (Flyball, 89D)
Batting: RHB Ken MacDonald 0-0: Foul Ball, location: 2F
0-1: Foul Ball, location: 2F
0-2: Ball
1-2: Strikes out looking
Batting: RHB Bob Lee 0-0: Ball
1-0: SOLO HOME RUN (Flyball, 89XD), Distance : 392 ft
Batting: RHB Francisco Martínez 0-0: Ball
1-0: Ground out 5-3 (Groundball, 56S)
Bottom of the 7th over - 1 run(s), 1 hit(s), 0 error(s), 0 left on base; Butler 7 - Kingston 2
TOP OF THE 8TH
Butler White Sox batting - Pitching for Kingston Iguanas : RHP Bo Adams
Pitching: RHP Ron Jenkins
Batting: RHB Steve Clifton 0-0: Called Strike
0-1: Foul Ball, location: 2F
0-2: Strikes out swinging
Batting: LHB Jim Knight 0-0: Ball
1-0: Swinging Strike
1-1: Foul Ball, location: 2F
1-2: Fly out, F9 (Flyball, 9S)
Batting: RHB Jerry Moore 0-0: Called Strike
0-1: Ball
1-1: Foul Ball, location: 2F
1-2: Ball
2-2: Strikes out swinging
Top of the 8th over - 0 run(s), 0 hit(s), 0 error(s), 0 left on base; Butler 7 - Kingston 2
BOTTOM OF THE 8TH
Kingston Iguanas batting - Pitching for Butler White Sox : RHP Steve Newman
Now at 3B: Júlio Hernández
Batting: LHB Dusty Wilson 0-0: Ball
1-0: Fly out, F8 (Flyball, 8LM)
Batting: LHB Billy Anderson 0-0: Ball
1-0: Ball
2-0: Ball
3-0: Base on Balls
Batting: LHB Mike Godfrey 0-0: Ball
1-0: Foul Ball, location: 2F
1-1: Foul Ball, location: 2F
1-2: Strikes out swinging
Batting: SHB Devin Smith 0-0: Ball
1-0: Called Strike
1-1: SINGLE (Line Drive, 7S)
Billy Anderson to second
Batting: RHB Chris McBride 0-0: Foul Ball, location: 2F
0-1: SINGLE (Flyball, 89S)
Billy Anderson to third
Devin Smith to second
Runner from 3rd tries for Home, SAFE, throw made home
Pitching: RHP Eric Wilson
Batting: RHB Sergio Mata 0-0: Ground out 1-3 (Groundball, 13)
Bottom of the 8th over - 1 run(s), 2 hit(s), 0 error(s), 2 left on base; Butler 7 - Kingston 3
TOP OF THE 9TH
Butler White Sox batting - Pitching for Kingston Iguanas : RHP Ron Jenkins
Batting: RHB Luis Fuentes 0-0: Ball
1-0: Ball
2-0: Ground out 5-3 (Groundball, 56)
Batting: RHB Luis Ramos 0-0: Ball
1-0: Ball
2-0: Ball
3-0: Base on Balls
Batting: LHB Denny Allen 0-0: Ball
1-0: Called Strike
1-1: Ball
2-1: Foul Ball, location: 2F
2-2: SINGLE (Flyball, 8LS)
Luis Ramos to second
Batting: LHB Thomas Dixon 0-0: Ball
1-0: SINGLE (Groundball, 56S) (infield hit)
Luis Ramos to third
Denny Allen to second
Batting: SHB Ben Marks 0-0: Called Strike
0-1: Fielders Choice at 2nd, 4-6 (Groundball, 4)
Luis Ramos scores
Denny Allen to third
Batting: LHB Josh Pérez 0-0: Ball
1-0: Swinging Strike
1-1: Ball
2-1: DOUBLE (Flyball, 9D)
Denny Allen scores
Ben Marks to third
Batting: RHB Steve Clifton 0-0: Ball
1-0: Swinging Strike
1-1: Ball
2-1: Ground out 1-3 (Groundball, 13)
Top of the 9th over - 2 run(s), 3 hit(s), 0 error(s), 2 left on base; Butler 9 - Kingston 3
BOTTOM OF THE 9TH
Kingston Iguanas batting - Pitching for Butler White Sox : RHP Eric Wilson
Batting: RHB Ken MacDonald 0-0: Called Strike
0-1: Ball
1-1: Called Strike
1-2: DOUBLE (Flyball, 89M)
Batting: RHB Bob Lee 0-0: Ball
1-0: Called Strike
1-1: Fly out, F9 (Flyball, 9)
Batting: RHB Francisco Martínez 0-0: Called Strike
0-1: Ground out U3 (Groundball, 34S)
Ken MacDonald to third
Batting: LHB Dusty Wilson 0-0: Foul Ball, location: 2F
0-1: Ball
1-1: Fly out, F9 (Flyball, 9S)
Bottom of the 9th over - 0 run(s), 1 hit(s), 0 error(s), 1 left on base; Butler 9 - Kingston 3
Tuesday, August 8th, 2017 - OOTP Baseball 17.12 Build 75